 Dungeon Crawl Stone Soup version 0.28.0-45-g0d030f2227 (webtiles) character file.

Game seed: 11518126542239411340

494 Danqa the Slasher (level 7, -7/42 (56) HPs)
             Began as a Barachi Fighter on Apr 11, 2022.
             Mangled by an iguana (9 damage)
             ... on level 4 of the Dungeon.
             The game lasted 00:07:08 (4261 turns).

Danqa the Slasher (Barachi Fighter)                 Turns: 4261, Time: 00:07:09

HP:   -7/42 (56)    AC:  9    Str: 18 (19) XL:     7   Next: 15%
MP:   7/7           EV:  9    Int:  6 (9)  God:
Gold: 154           SH:  4    Dex:  8 (11) Spells: 6/6 levels left

rFire   + . .      SeeInvis .   a - +0 long sword
rCold   + . .      Faith    .   c - +0 buckler
rNeg    . . .      Spirit   .   b - +0 scale mail
rPois   +          Reflect  .   (no helmet)
rElec   +          Harm     .   (no cloak)
rCorr   +          Rampage  .   f - +1 pair of gloves
Will    .....                   (no boots)
Stlth   ..........              (no amulet)
HPRegen 0.14/turn               (no ring)
MPRegen 0.10/turn               (no ring)

@: resistant, flying, very heavily drained, slow
A: amphibious, slowness 1, strong legs 1, +LOS
a: Hop


You were on level 4 of the Dungeon.
You visited 1 branch of the dungeon, and saw 5 of its levels.

You collected 154 gold pieces.

Inventory:

Hand Weapons
 a - a +0 long sword (weapon)
Armour
 b - a +0 scale mail (worn)
 c - a +0 buckler (worn)
 f - a +1 pair of gloves (worn)
Scrolls
 e - 3 scrolls of teleportation {unknown}
 g - 2 scrolls of identify {unknown}
 i - a scroll of blinking {unknown}
 j - 2 scrolls of fear {unknown}
 k - a scroll of summoning {unknown}
 l - a scroll of vulnerability {unknown}
 o - a scroll of silence {unknown}
Potions
 d - 3 potions of might
 m - a potion of degeneration
 p - a potion of curing {unknown}
 q - a potion of haste {unknown}


   Skills:
 + Level 5.1 Fighting
 + Level 6.1 Long Blades
 + Level 5.2 Armour
 + Level 2.2 Dodging
 + Level 0.2 Stealth
 + Level 4.2 Shields


You had 6 spell levels left.
You didn't know any spells.
Your spell library contained the following spells:

 Spells                   Type           Power      Damage    Failure   Level
 Call Canine Familiar     Summ           0%         N/A       99%         3
 Portal Projectile        Hex/Tloc       0%         N/A       99%         3
 Leda's Liquefaction      Hex/Erth       0%         N/A       100%        4


Dungeon Overview and Level Annotations

Branches:
Dungeon (5/15)
 Temple: D:4-7

Altars:
Uskayaw

Shops:
D:1 =


Innate Abilities, Weirdness & Mutations

You are amphibious.
You cover ground slowly.
You can hop short distances.
You have an extended range of vision and can be seen from far away.


Message History

No target in view!
No target in view!
No target in view!
You start resting.
HP restored.
You climb downwards.
The howler monkey zombie hits you but does no damage.
You block the gnoll's attack.
The scorpion zombie hits you but does no damage.
The ogre hits you with a +0 giant club. The gnoll barely misses you.
You block the howler monkey zombie's attack.
The gnoll hits you but does no damage.
The scorpion zombie hits you but does no damage.
There is a stone staircase leading up here.
The gnoll hits you with a +0 halberd. The ogre hits you with a +0 giant club!
The howler monkey zombie hits you but does no damage.
The gnoll barely misses you. The iguana bites you!
The scorpion zombie hits you but does no damage.
You climb upwards.
There is a stone staircase leading down here.
You are too injured to fight recklessly!
The gnoll hits you from afar with a +0 halberd.
* * * LOW HITPOINT WARNING * * *
The ogre hits you with a +0 giant club!
* * * LOW HITPOINT WARNING * * *
The gnoll barely misses you.
It was a potion of degeneration.
There was something very wrong with that liquid.
You feel weakened.
You feel dopey.
You feel clumsy. You block the iguana's attack. The ogre closely misses you.
The gnoll closely misses you.
It was a potion of resistance.
You feel protected. The iguana bites you.
* * * LOW HITPOINT WARNING * * *
You block the gnoll's attack. The ogre closely misses you.
It was a potion of flight.
You feel very buoyant.
You fly up into the air.
The iguana bites you!
You die...

......................####.#..#.#
#.#.####...............##..#.####
........................<.....##
..#.............##.#......##...#
..#..#..........##.#....)...#..#
..#.........######[..........(.#
..#..#.......## #............####
#..###........###......#.....###.
#...###.......gl@.)....#.......#.
##..###.......)O.......##........
#.....#.......##........#........
##.<..#..(....#.................>
#................................
...###...####...................#
#.######.## #.##..####...........
....###...#######.## ##(.........
......#..###..##...# #..#........


You could see an ogre, an iguana and a gnoll.

Vanquished Creatures
  Sigmund (D:2)
  A centaur (D:4)
  Terence (D:2)
  An iguana (D:2)
  Natasha (thrice) (D:2)
  A gnoll (D:4)
  Robin (D:2)
  3 adders
  A worm (D:4)
  4 dart slugs
  6 orcs (D:4)
  3 endoplasms
  3 giant cockroaches
  13 goblins
  11 hobgoblins
  5 kobolds
  3 quokkas
  6 ball pythons
  2 bats
  4 frilled lizards
  3 rats
76 creatures vanquished.

Notes
Turn   | Place    | Note
-------+----------+-------------------------------------------
     0 | D:1      | Danqa the Barachi Fighter began the quest for the Orb.
     0 | D:1      | Reached XP level 1. HP: 18/18 MP: 1/1
   181 | D:1      | Reached XP level 2. HP: 16/25 MP: 2/2
   309 | D:1      | Reached skill level 3 in Long Blades
   717 | D:1      | Reached XP level 3. HP: 27/30 MP: 3/3
  1066 | D:1      | Found Peegeastra's Jewellery Shop.
  1241 | D:2      | Noticed Natasha
  1256 | D:2      | Killed Natasha
  1257 | D:2      | Reached XP level 4. HP: 14/37 MP: 4/4
  1479 | D:2      | Noticed Terence
  1490 | D:2      | Killed Terence
  1563 | D:2      | Noticed Natasha
  1575 | D:2      | Killed Natasha
  1576 | D:2      | Reached skill level 4 in Long Blades
  1781 | D:2      | Noticed Sigmund
  1805 | D:2      | Killed Sigmund
  1806 | D:2      | Reached skill level 5 in Long Blades
  1806 | D:2      | Reached skill level 1 in Dodging
  1806 | D:2      | Reached XP level 5. HP: 9/43 MP: 5/5
  1806 | D:2      | Reached XP level 6. HP: 11/49 MP: 6/6
  2123 | D:2      | Noticed Robin
  2147 | D:2      | Killed Robin
  2300 | D:2      | Noticed Natasha
  2306 | D:2      | Killed Natasha
  2826 | D:3      | Reached skill level 5 in Fighting
  2861 | D:3      | Found a hide-covered altar of Uskayaw.
  3365 | D:4      | Reached skill level 5 in Armour
  3489 | D:4      | Reached XP level 7. HP: 39/56 MP: 7/7
  3604 | D:4      | Reached skill level 6 in Long Blades
  4124 | D:5      | Entered Level 5 of the Dungeon
  4258 | D:4      | HP: 2/42 [ogre/+0 giant club (9)]
  4261 | D:4      | Mangled by an iguana

Illustrated notes

Levels and vault maps discovered:
D:1:      nzn_arrival_water_spiral, layout_basic, serial_shops, shop,
          minmay_pentomino_q2
D:2:      layout_basic, uniq_terence, uniq_natasha, uniq_robin, uniq_sigmund
D:3:      layout_loops_ring, mainiacjoe_overflow_catwalk, minmay_crystal_room
D:4:      layout_cave_pools, hangedman_abyss_or_decor_passed
D:5:      layout_loops_ring

Skill      XL: |  1  2  3  4  5  6  7 |
---------------+----------------------+-----
Fighting       | 4 5 |  5.1
Long Blades    | 3 5 6 |  6.1
Armour         | 4 5 |  5.2
Dodging        | 1 2 |  2.2
Shields        | 4 |  4.2
Stealth        | |  0.2

Action                   |  1- 3 |  4- 6 |  7- 9 || total
-------------------------+-------+-------+-------++-------
Melee: Long sword        |    96 |   141 |    28 ||   265
  Use: Potion            |       |     2 |     3 ||     5
Armor: Scale mail        |    43 |    70 |    26 ||   139
       Skin              |       |     4 |       ||     4
Dodge: Dodged            |    33 |    76 |    29 ||   138
Block: Buckler           |    30 |    34 |    14 ||    78
